 Dungeon Crawl Stone Soup version 0.25.0-26-g0c896c7088 (webtiles) character file.

Game seed: 1891297449954627397

42 Delamore the Cudgeler (level 3, -1/23 HPs)
             Began as a Gargoyle Fighter on July 3, 2020.
             Slain by a gnoll
             ... wielding a +0 spear
              (3 damage)
             ... on level 2 of the Dungeon.
             The game lasted 00:00:53 (1313 turns).

Delamore the Cudgeler (Gargoyle Fighter)            Turns: 1313, Time: 00:00:54

Health: -1/23      AC: 10    Str: 20    XL:     3   Next: 56%
Magic:  3/3        EV:  7    Int:  8    God:
Gold:   22         SH:  9    Dex:  9    Spells: 2/2 levels left

rFire    . . .     SeeInvis .   a - +0 flail
rCold    . . .     Gourm    .   c - +0 kite shield
rNeg     + . .     Faith    .   b - +0 scale mail
rPois    ∞         Spirit   .   (no helmet)
rElec    +         Reflect  .   (no cloak)
rCorr    .         Harm     .   (no gloves)
MR       .....                  (no boots)
Stlth    ..........             (no amulet)
HPRegen  0.07/turn              (no ring)
MPRegen  0.08/turn              (no ring)

@: no status effects
A: negative energy resistance 1, electricity resistance, unbreathing,
petrification resistance, rot immunity, AC +3
a: no special abilities


You were on level 2 of the Dungeon.
You were hungry.

You visited 1 branch of the dungeon, and saw 2 of its levels.

You collected 22 gold pieces.

Inventory:

Hand Weapons
 a - a +0 flail (weapon)
Missiles
 j - 7 poisoned darts (quivered)
Armour
 b - a +0 scale mail (worn)
 c - a +0 kite shield (worn)
Scrolls
 e - a scroll of remove curse {unknown}
 i - a scroll of identify {unknown}
 k - a scroll of amnesia {unknown}
 m - a scroll of teleportation {unknown}
Potions
 d - 2 potions of might
 h - 2 potions of brilliance {unknown}
 l - a potion of flight {unknown}
Comestibles
 f - 5 rations


   Skills:
 - Level 3.2 Fighting
 + Level 3.8 Maces & Flails
 - Level 3.2 Armour
 - Level 3.2 Shields


You had 2 spell levels left.
You didn't know any spells.
Your spell library was empty.

Dungeon Overview and Level Annotations

Branches:
Dungeon (2/15)

Altars:


Innate Abilities, Weirdness & Mutations

You are resistant to torment.
Your stone body is resilient. (AC +3)
You are immune to poison.
You resist negative energy. (rN+)
You are resistant to electric shocks. (rElec)
You can survive without breathing.
You are immune to petrification.
You are immune to rotting.


Message History

There is a stone staircase leading down here.
You start resting.
Some of the chunks of flesh in your inventory have rotted away.
All of the chunks of flesh in your inventory have rotted away.
You are feeling hungry.
You climb downwards.
The gnoll barely misses you.
There is a stone staircase leading up here.
The gnoll hits you with a +0 spear. x2
You completely miss the gnoll.
The gnoll hits you from afar with a +0 spear.
The gnoll hits you with a +0 spear. You block the gnoll's attack.
The gnoll hits you from afar with a +0 spear.
* * * LOW HITPOINT WARNING * * *
The gnoll hits you with a +0 spear.
* * * LOW HITPOINT WARNING * * *
You block the gnoll's attack. x2
There is a stone staircase leading up here.
The gnoll hits you but does no damage.
The gnoll hits you from afar with a +0 spear.
You die...

####### ......#####
#######.g...# .#.
.........##.#
...#.##..#.g.##.#
...#.......#...##.#
........#.###g###g#
..#....#.###.###g#
...#..#..##.#@.g# .
..#.#........#####
.##......#...÷##
...####.....#.#
....#.#....##.#
......#....##.#####
.................>#
###......#....#####
#..##.##.####


You could see 2 gnolls.

Vanquished Creatures
  An adder (D:2)
  3 leopard geckos (D:1)
  3 giant cockroaches
  2 goblins
  3 hobgoblins (D:1)
  3 jackals (D:1)
  2 kobolds (D:1)
  3 bats (D:1)
  6 frilled lizards (D:1)
  4 rats
30 creatures vanquished.

Notes
Turn   | Place    | Note
-------+----------+-------------------------------------------
     0 | D:1      | Delamore the Gargoyle Fighter began the quest for the Orb.
     0 | D:1      | Reached XP level 1. HP: 14/14 MP: 1/1
   185 | D:1      | Reached XP level 2. HP: 18/19 MP: 2/2
   610 | D:1      | Reached XP level 3. HP: 23/23 MP: 3/3
  1313 | D:2      | Slain by a gnoll

Illustrated notes

Levels and vault maps discovered:
D:1:      dpeg_arrival_round_c, layout_rooms
D:2:      layout_basic, minmay_crystal_water, uniq_jessica

Skill      XL: |  1  2 |
---------------+-------+-----
Maces & Flails | 3 |  3.8
Fighting       | |  3.2
Armour         | |  3.2
Shields        | |  3.2

Action                   || total
-------------------------++-------
Melee: Flail             ||   121
  Eat: Chunk             ||     1
Armor: Scale mail        ||    94
Dodge: Dodged            ||    60
Block: Kite shield       ||   117
